 Dungeon Crawl Stone Soup version 0.30.0-5-g1a98f26d00 (webtiles) character file.

Game seed: 5302392864519199897

108815 meatpath the Warrior (level 16, -1/162 HPs)
             Began as a Minotaur Berserker on May 11, 2023.
             Was the Champion of Trog.
             Slain by a spriggan rider
             ... wielding a +0 spear
              (11 damage)
             ... on level 2 of the Swamp on May 12, 2023.
             The game lasted 01:04:23 (21590 turns).

meatpath the Warrior (Minotaur Berserker)          Turns: 21590, Time: 01:04:24

Health: -1/162     AC: 16    Str: 37    XL:     16   Next: 3%
Magic:  15/15      EV: 15    Int:  6    God:    Trog [******]
Gold:   236        SH: 14    Dex: 20    Spells: 15/15 levels left

rFire   + . .        m - +7 broad axe "Bespelled Trog's Wrath" {heavy, Str+2}
rCold   . . .        S - +1 kite shield {rF+}
rNeg    . . .        e - +0 swamp dragon scales
rPois   +            J - +0 hat
rElec   .            v - +0 cloak
rCorr   .            N - +2 pair of gloves "Asidot" {Dex+5}
SInv    .            P - +0 pair of boots
Will    +....        q - amulet of regeneration
Stlth   +++          h - +6 ring of dexterity
HPRegen 1.27/turn    k - +6 ring of strength
MPRegen 0.14/turn

%: no passive effects
@: slowed, constricted, studying Throwing, very slow
A: horns 2, retaliatory headbutt
a: Renounce Religion, Berserk, Trog's Hand, Brothers in Arms


You were on level 2 of the Swamp.
You worshipped Trog.
Trog was exalted by your worship.
You visited 4 branches of the dungeon, and saw 24 of its levels.
You also visited: Sewer.

You collected 2489 gold pieces.
You spent 2253 gold pieces at shops.

Inventory:

Hand Weapons
 m - the +7 broad axe "Bespelled Trog's Wrath" (weapon) {heavy, Str+2}
   (Trog gifted it to you on level 12 of the Dungeon)

   Str:       It affects your strength (+2).
 D - a +0 executioner's axe
 G - a +3 scimitar of flaming
 R - a +2 heavy broad axe
Missiles
 F - 2 throwing nets (quivered)
Armour
 e - +0 swamp dragon scales (worn)
 v - a +0 cloak (worn)
 J - a +0 hat (worn)
 N - the +2 pair of gloves "Asidot" (worn) {Dex+5}
   (You bought it in a shop on level 7 of the Dungeon)

   Dex:       It affects your dexterity (+5).
 P - a +0 pair of boots (worn)
 S - a +1 kite shield of fire resistance (worn)
 Y - +7 fire dragon scales
Jewellery
 h - a +6 ring of dexterity (left hand)
 k - a +6 ring of strength (right hand)
 q - an amulet of regeneration (around neck)
Wands
 a - a wand of flame (63)
 g - a wand of digging (5)
 p - a wand of mindburst (18)
 s - a wand of paralysis (6)
 H - a wand of iceblast (12)
 K - a wand of light (5)
 X - a wand of polymorph (6)
Scrolls
 d - 3 scrolls of butterflies
 l - 5 scrolls of poison
 n - a scroll of identify
 o - 7 scrolls of noise
 t - 4 scrolls of blinking
 u - 3 scrolls of teleportation
 x - 3 scrolls of amnesia
 z - 8 scrolls of magic mapping
 E - 3 scrolls of fear
 I - 3 scrolls of enchant weapon
 M - 5 scrolls of immolation
 T - 2 scrolls of fog
Potions
 b - 7 potions of curing
 c - a potion of invisibility {unknown}
 f - 4 potions of berserk rage
 i - a potion of haste
 j - 9 potions of attraction
 w - 2 potions of lignification
 A - 3 potions of mutation
 B - a potion of ambrosia
 C - 4 potions of resistance
 L - 2 potions of cancellation
 O - a potion of magic
 Q - 2 potions of flight
 U - 2 potions of might
 W - 2 potions of heal wounds {unknown}


   Skills:
 + Level 20.1 Fighting
 - Level 19.1 Axes
 - Level 10.4 Armour
 - Level 10.8 Dodging
 + Level 6.1 Stealth
 - Level 11.3 Shields
 + Level 4.7 Evocations


You had 15 spell levels left.
You didn't know any spells.
Your spell library was empty.

Dungeon Overview and Level Annotations

Branches:
Dungeon (15/15)            Temple (0/1) D:5            Lair (5/5) D:11
  Swamp (2/4) Lair:3       Spider (0/4) Lair:2          Orc (2/2) D:11
    Elf (0/3) Orc:2        Vaults (0/5) D:13         Depths (0/4) D:15
  Sewer (visited)
  Slime: Lair:4-5

Altars:
Ashenzari
Dithmenos
Elyvilon
Kikubaaqudgha
Nemelex Xobeh
Okawaru
Sif Muna
Trog
Uskayaw
Xom
The Shining One
Jiyva

Shops:
D:3 :   D:5 *   D:7 *   Orc:1 ([:?[   Orc:2 [:[?=

Annotations:
D:4 2 transporters
Lair:5 exclusion: 2 oklob plants
Swamp:2 2 transporters, cowcol's ghost, journeyman MiFi
Orc:2 4 exclusions


Innate Abilities, Weirdness & Mutations

You have a pair of horns on your head.
You reflexively headbutt those who attack you in melee.


Message History

The spriggan rider misses you. The alligator bites you!
The alligator closely misses you. You block the alligator's attack.
The alligator tail-slaps you but does no damage.
The spriggan rider completely misses you.
There is a stone staircase leading up, spattered with blood here.
The tentacled monstrosity tentacle-slaps you but does no damage.
The tentacled monstrosity completely misses you.
You block the tentacled monstrosity's attack.
The tentacled monstrosity grabs you.
You stop ascending the stairs.
The tentacled monstrosity constricts you.
The spriggan rider barely misses you. You block the alligator's attack.
The alligator tail-slaps you but does no damage.
The alligator bites you!
The alligator tail-slaps you but does no damage.
The bog body touches you! The bog body freezes you!!
You block the spriggan rider's attack.
The alligator puts on a burst of speed!
The spriggan rider hits you but does no damage.
The tentacled monstrosity tentacle-slaps you!
The tentacled monstrosity tentacle-slaps you but does no damage.
You block the tentacled monstrosity's attack.
The tentacled monstrosity constricts you.
The alligator bites you!
The alligator tail-slaps you but does no damage.
As you read the scroll of fear, it crumbles to dust.
You assume a fearsome visage.
The bog body is unaffected.
The spriggan rider resists with almost no effort.
The spriggan rider easily resists.
The tentacled monstrosity resists with almost no effort.
The eleionoma resists with almost no effort.
The bunyip looks frightened!
The alligator looks frightened! x2
The bog body touches you. The bog body freezes you!!
* * * LOW HITPOINT WARNING * * *
The spriggan rider hits you from afar with a +0 spear!!
* * * LOW HITPOINT WARNING * * *
The tentacled monstrosity completely misses you.
The tentacled monstrosity tentacle-slaps you but does no damage. x2
The tentacled monstrosity constricts you.
* * * LOW HITPOINT WARNING * * *
The spriggan rider hits you from afar with a +0 spear!
You die...

.....~~♣~~.[#Z.#8#.#8#.?#
.§~~~§~~.~..#ZZ### # #..#
.~~......~..#Wy... ..y.#
~§.~.)......#t.... y...#
.......~~...####### ###
♣....$.~~~........
♣~~..~.iRti.......
♣♣♣♣..~♣X~...♣..~~
♣....n@§t.x...~~
..~§~~~~§~~....~~
~.~.~~~~~§~..♣.~~
~~...~~~.......~.
♣♣♣♣~...~~~.!.♣♣♣
♣♣...~~~...♣ ....~~...♣♣
♣~..~~.~...


You could see a tentacled monstrosity, a bunyip (fleeing), an eleionoma, 2
alligators, 2 spriggan riders, a bog body and a bunyip simulacrum.

Vanquished Creatures
  Roxanne (D:15)
  An orc warlord (Orc:1)
  2 dire elephants
  Nessos (Lair:4)
  4 vault guards (D:13)
  A great orb of eyes (D:15)
  4 hydras
  An ogre mage (D:15)
  A ghost crab (Swamp:2)
  3 centaur warriors
  Erica (D:10)
  An alligator (Swamp:1)
  5 boulder beetles
  7 two-headed ogres
  2 tengu warriors
  A death knight (D:15)
  14 death yaks
  A fire crab (shapeshifter) (D:10)
  5 skeletal warriors
  2 goliath frogs (Swamp:1)
  A spriggan druid (Swamp:1)
  2 bog bodies (Swamp:2)
  2 wizards
  A swamp dragon (Swamp:1)
  5 orc knights
  3 deep elf pyromancers (D:13)
  A wolf spider (D:15)
  A lindwurm (Lair:5)
  18 ugly things
  A salamander (shapeshifter) (D:14)
  4 manticores
  3 orc sorcerers
  A will-o-the-wisp (Swamp:1)
  5 cyclopes
  2 elephants (Lair:5)
  6 gargoyles
  8 black mambas
  14 cane toads
  A yaktaur (D:13)
  Psyche (D:8)
  9 rime drakes
  7 komodo dragons
  An efreet (D:13)
  2 tengu conjurers
  2 hornets
  6 trolls
  13 polar bears
  6 raiju (Lair:5)
  4 tyrant leeches (Swamp:1)
  7 dream sheep
  6 blink frogs
  13 slime creatures
  A centaur simulacrum (D:14)
  Sigmund (D:6)
  5 wraiths
  3 spriggans (Swamp:1)
  28 yaks
  7 basilisks
  2 vampires
  5 wyverns
  A steam dragon (D:9)
  12 vampire mosquitoes
  An acid dragon (D:13)
  12 wargs
  3 swamp worms (Swamp:1)
  7 water moccasins
  11 hell hounds (Lair:5)
  46 orc warriors
  2 sky beasts (D:7)
  2 swamp drakes (Swamp:1)
  2 ice beasts
  6 ogres
  13 black bears
  18 centaurs
  50 wolves
  2 phantoms
  A kobold brigand (D:10)
  2 gnoll sergeants
  16 bullfrogs
  5 scorpions
  11 wights
  15 killer bees
  3 howler monkeys
  An electric eel (D:7)
  5 hounds
  2 jellies
  2 gnoll boudas
  14 orc priests
  2 sleepcaps (D:6)
  A hell rat (Lair:5)
  8 iguanas
  30 orc wizards
  25 gnolls
  11 adders
  A shadow imp (D:6)
  11 worms
  4 dart slugs
  99 orcs
  6 ball pythons
  9 endoplasms
  12 giant cockroaches
  4 hobgoblins
  11 jackals
  5 quokkas
  2 bats
  17 frilled lizards
  3 goblins (D:1)
  12 kobolds
  6 rats
810 creatures vanquished.

Vanquished Creatures (others)
  A bloated husk (Swamp:1)
  An orc wizard (D:11)
  2 foxfires (Swamp:1)
4 creatures vanquished.

Grand Total: 814 creatures vanquished

Notes
Turn   | Place    | Note
-------+----------+-------------------------------------------
     0 | D:1      | meatpath the Minotaur Berserker began the quest for the
                  | Orb.
     0 | D:1      | Reached XP level 1. HP: 19/19 MP: 0/0
     3 | D:1      | Noticed an electric eel
     4 | D:1      | Noticed an electric eel
    86 | D:1      | Reached XP level 2. HP: 25/27 MP: 1/1
   254 | D:1      | Reached skill level 4 in Fighting
   543 | D:1      | Reached XP level 3. HP: 29/33 MP: 2/2
   667 | D:1      | You fall into a shaft and drop 1 floor!
   735 | D:1      | Reached ** piety under Trog
  1202 | D:2      | Reached XP level 4. HP: 39/41 MP: 3/3
  1578 | D:3      | Found a bloodstained altar of Trog.
  1711 | D:3      | Found a glowing drain.
  1715 | Sewer    | Entered a sewer
  1758 | Sewer    | Reached *** piety under Trog
  1862 | Sewer    | Reached skill level 5 in Fighting
  1864 | Sewer    | Reached XP level 5. HP: 48/48 MP: 4/4
  1868 | Sewer    | Reached skill level 5 in Axes
  2079 | Sewer    | Reached XP level 6. HP: 52/57 MP: 5/5
  2598 | D:3      | Found a broken altar of Ashenzari.
  2647 | D:3      | Found Ynoum's Book Emporium.
  2891 | D:4      | Found a transporter.
  2989 | D:4      | Reached skill level 6 in Fighting
  2989 | D:4      | Reached skill level 5 in Armour
  3273 | D:4      | Reached XP level 7. HP: 63/63 MP: 6/6
  3441 | D:4      | Found an iron altar of Okawaru.
  3562 | D:4      | Found a transporter.
  3785 | D:5      | Entered Level 5 of the Dungeon
  3796 | D:5      | Reached **** piety under Trog
  3819 | D:5      | Found a staircase to the Ecumenical Temple.
  4218 | D:5      | Reached skill level 7 in Fighting
  4363 | D:5      | Found a shadowy altar of Dithmenos.
  4402 | D:5      | Found a white marble altar of Elyvilon.
  4502 | D:5      | Found Xotamen's Mayhem Merchandise.
  4510 | D:5      | Reached XP level 8. HP: 66/73 MP: 4/7
  4818 | D:6      | Noticed Sigmund
  4832 | D:6      | Killed Sigmund
  4876 | D:6      | Found a shimmering altar of Xom.
  4965 | D:5      | Bought a +0 executioner's axe for 140 gold pieces
  5046 | D:6      | Reached skill level 8 in Fighting
  6029 | D:7      | Reached skill level 9 in Fighting
  6029 | D:7      | Reached XP level 9. HP: 83/83 MP: 8/8
  6302 | D:7      | Found Geweesiwe's CLEARANCE SALE!.
  6308 | D:7      | Bought the +2 pair of gloves "Asidot" {Dex+5} for 160 gold
                  | pieces
  7210 | D:8      | Noticed Psyche
  7230 | D:8      | Killed Psyche
  7230 | D:8      | Reached ***** piety under Trog
  7231 | D:8      | Reached skill level 10 in Fighting
  7231 | D:8      | Reached skill level 10 in Axes
  7303 | D:8      | Noticed a two-headed ogre
  7305 | D:8      | Noticed a tengu warrior
  7313 | D:8      | Killed a two-headed ogre
  7314 | D:8      | Reached skill level 10 in Armour
  7325 | D:8      | HP: 2/86 [tengu warrior/+2 broad axe (7)]
  7326 | D:8      | Killed a tengu warrior
  7327 | D:8      | Reached XP level 10. HP: 4/94 MP: 9/9
  7649 | D:8      | Identified the +7 flail of the Nine Spreadsheets {elec,
                  | Will+}
  7658 | D:8      | Identified the ring "Ythiep" {MP+9 Str+3}
  7706 | D:8      | Found a glowing golden altar of the Shining One.
  7961 | D:8      | Found a hide-covered altar of Uskayaw.
  7962 | D:8      | Found a sparkling altar of Nemelex Xobeh.
  8107 | D:9      | Found the +10 zealot's sword {holy, Zealotry, *Rage rN+
                  | EV+3}
  8112 | D:9      | Reached skill level 11 in Fighting
  8112 | D:9      | Reached skill level 1 in Shields
  8539 | D:9      | Noticed a two-headed ogre
  8554 | D:9      | Killed a two-headed ogre
  8749 | D:9      | Paralysed by a hornet for 2 turns
  8897 | D:10     | Entered Level 10 of the Dungeon
  8920 | D:10     | Reached skill level 12 in Fighting
  8933 | D:10     | Reached skill level 5 in Shields
  8991 | D:10     | Received a gift from Trog
  9008 | D:10     | Noticed a gargoyle
  9019 | D:10     | Killed a gargoyle
  9121 | D:10     | Reached XP level 11. HP: 102/104 MP: 10/10
  9255 | D:10     | Found an ancient bone altar of Kikubaaqudgha.
  9408 | D:11     | Noticed Erica
  9419 | D:10     | Killed Erica
  9458 | D:11     | Noticed a fire crab
  9545 | D:10     | Killed a fire crab
  9613 | D:11     | Found a staircase to the Orcish Mines.
  9808 | D:11     | Reached skill level 13 in Fighting
  9865 | D:11     | Found a staircase to the Lair.
  9913 | D:11     | Found a bloodstained altar of Trog.
 10599 | D:12     | Identified the +7 broad axe "Bespelled Trog's Wrath"
                  | {heavy, Str+2} (Trog gifted it to you on level 12 of the
                  | Dungeon)
 10599 | D:12     | Received a gift from Trog
 10800 | D:12     | Noticed a two-headed ogre
 10804 | D:12     | Killed a two-headed ogre
 11083 | Lair:1   | Entered Level 1 of the Lair of Beasts
 11095 | D:11     | Reached XP level 12. HP: 81/116 MP: 11/11
 11096 | D:11     | Reached skill level 14 in Fighting
 11847 | Lair:1   | Reached skill level 10 in Shields
 12173 | Lair:2   | Found a shimmering blue altar of Sif Muna.
 12333 | Lair:2   | Found a hole to the Spider Nest.
 12459 | Lair:2   | Reached skill level 15 in Fighting
 12460 | Lair:2   | Reached skill level 15 in Axes
 12461 | Lair:2   | Received a gift from Trog
 12969 | Lair:3   | Found a staircase to the Swamp.
 13227 | Lair:3   | Noticed an eight-headed hydra
 13247 | Lair:3   | Killed a two-headed hydra
 13248 | Lair:3   | Reached XP level 13. HP: 66/127 MP: 12/12
 13714 | Lair:4   | Reached skill level 16 in Fighting
 13714 | Lair:4   | Reached skill level 5 in Dodging
 14020 | Lair:4   | Noticed Nessos
 14040 | Lair:4   | Killed Nessos
 14403 | Lair:5   | Entered Level 5 of the Lair of Beasts
 14422 | Lair:4   | Reached ****** piety under Trog
 14422 | Lair:4   | Received a gift from Trog
 14461 | Lair:5   | Found a viscous altar of Jiyva.
 14716 | Lair:5   | Noticed a dire elephant
 14727 | Lair:5   | Killed a dire elephant
 14729 | Lair:5   | Reached skill level 17 in Fighting
 14950 | Lair:5   | Reached XP level 14. HP: 140/140 MP: 13/13
 15027 | Lair:5   | Found the +6 Majin-Bo {spellvamp, MP+6 Int+6}
 15038 | Lair:5   | Identified the +7 chain mail "Hutwyrom" {rC- rN+ Will+
                  | Int+5}
 15222 | Lair:5   | Received a gift from Trog
 15436 | Lair:5   | Identified the +0 robe "Uhehemix" {rN++ Str-2}
 16232 | D:13     | Reached skill level 18 in Fighting
 16548 | D:13     | Received a gift from Trog
 16564 | D:13     | Reached skill level 10 in Dodging
 16632 | D:13     | Found a gate to the Vaults.
 17033 | D:14     | Reached XP level 15. HP: 83/150 MP: 14/14
 17305 | D:14     | Reached skill level 1 in Stealth
 17824 | D:15     | Entered Level 15 of the Dungeon
 18095 | D:15     | Found a staircase to the Depths.
 18217 | D:15     | Paralysed by something for 5 turns
 18223 | D:15     | Reached skill level 19 in Fighting
 18292 | D:15     | Found a shadowy altar of Dithmenos.
 18301 | D:15     | Received a gift from Trog
 18762 | D:15     | Reached skill level 1 in Evocations
 18815 | D:15     | Noticed Roxanne
 18843 | D:15     | Found a sparkling altar of Nemelex Xobeh.
 19174 | D:15     | Killed Roxanne
 19253 | Orc:1    | Entered Level 1 of the Orcish Mines
 19257 | Orc:1    | Found Kiot's Antique Armour Emporium.
 19328 | Orc:1    | Found Iwul's Magic Scroll Shoppe.
 19488 | Orc:2    | Entered Level 2 of the Orcish Mines
 19497 | Orc:2    | Found a staircase to the Elven Halls.
 19579 | Orc:2    | Found Vuci Bur's Antique Armour Shop.
 19653 | Orc:2    | Received a gift from Trog
 19786 | Orc:2    | Reached skill level 5 in Stealth
 19937 | Orc:2    | Found Loux's Antique Armour Shop.
 19937 | Orc:2    | Found Dur Filo's Magic Scroll Shoppe.
 19958 | Orc:2    | Found Rudainget's Jewellery Emporium.
 19960 | Orc:2    | Found Ehyecwav's Book Boutique.
 20152 | Orc:1    | Found Ikuiken's Antique Weapon Shop.
 20177 | Orc:1    | Found Sosoox's Armour Emporium.
 20185 | Orc:1    | Received a gift from Trog
 20205 | Orc:1    | Noticed a walking earthen tome
 20208 | Orc:1    | Found Kixe Foy's Book Emporium.
 20213 | Orc:1    | Noticed a walking frostbound tome
 20581 | Orc:1    | Bought runed fire dragon scales for 1953 gold pieces
 20846 | Swamp:1  | Entered Level 1 of the Swamp
 21072 | Swamp:1  | Reached skill level 20 in Fighting
 21526 | Swamp:2  | Reached XP level 16. HP: 162/162 MP: 15/15
 21551 | Swamp:2  | Found a transporter.
 21569 | Swamp:2  | Noticed cowcol's ghost (journeyman MiFi)
 21571 | Swamp:2  | Found a transporter.
 21579 | Swamp:2  | Noticed a tentacled monstrosity
 21590 | Swamp:2  | Slain by a spriggan rider

Illustrated notes

Levels and vault maps discovered:
D:1:      arrival_aquarium_b, layout_basic, hangedman_abyss_or_decor_stabs
D:2:      layout_basic
D:3:      layout_loops_corners, mainiacjoe_overflow_alcove_4,
          lemuel_doored_altar, serial_shops, nicolae_shop_behind_doors,
          lightli_sewer_entry_pipes
D:4:      layout_rooms, lemuel_tele_altar, gammafunk_ghost_gnarly_gnolls,
          kennysheep_nub, minmay_circle_x
D:5:      layout_basic, mainiacjoe_overflow_paths, elyvilon_altar_4,
          minmay_temple_entry_mist, minmay_shop_mayhem
D:6:      layout_basic, mainiacjoe_overflow_tiny_flanked, serial_corexii_hall,
          corexii_hall_statues_i, corexii_hall_statues_l, uniq_sigmund
D:7:      layout_layer_cave, serial_bayou, serial_bayou_pond_a,
          serial_bayou_lagoon_a, serial_bayou_pond_d, serial_bayou_pond_e,
          serial_bayou_pond_b, nicolae_shop_clearance
D:8:      layout_loops_ring, tso_metal_star, nicolae_overflow_squiral,
          minmay_radiant, uniq_psyche
D:9:      layout_rooms, mrwooster_statue_mirror
D:10:     layout_rooms, lemuel_crystal_altar, minmay_lizard_king
D:11:     cheibrodos_statue_roulette, layout_rooms, erik_lair_orcish_takeover,
          david_orc_3, trog_butcher_becter, uniq_erica
D:12:     layout_gridville
D:13:     layout_roguey, lightli_vaults_fourway_checkpoint
D:14:     layout_loops_ring, dk_noncrumbling_3
D:15:     hangedman_depths_entry_try_elsewhere_first, layout_basic,
          nicolae_dithmenos_the_darkroom, nemelex_spade_bored_becter,
          uniq_roxanne
Lair:1:   layout_layer_cave, portal_ice_cave_entry_pillars_1,
          infiniplex_staircase_pool_2
Lair:2:   layout_chaotic_city, nicolae_spider_entry_non_spiders, basic_altar,
          grunt_forest_large_clearings, serial_bayou_shore_b,
          grunt_megastairs_4, lemuel_fruit_fields
Lair:3:   layout_misc_corridors, swamp_mist, grunt_megastairs_1,
          infiniplex_staircase_pool
Lair:4:   layout_roguey, dreamdust_mushroom_princess, grunt_forest_stairs_basic,
          uniq_nessos
Lair:5:   hangedman_lair_caniforms_friends, layout_gridlike,
          hangedman_lair_in_review, minmay_slime_entry_oklob_enclosed,
          nzn_sisyphean_effort
Swamp:1:  layout_basic_swamp, evilmike_swamp_ruin_house_1
Swamp:2:  layout_basic_swamp, gammafunk_ghost_mausoleum,
          nicolae_swamp_fairy_circle
Orc:1:    layout_diamond_mine, serial_shops, nicolae_shop_mannequins,
          nicolae_shop_peninsula, shop, shop, shop
Orc:2:    st_orc_rangers, layout_diamond_mine, serial_shops, shop,
          guppyfry_library_mini

Skill      XL: |  1  2  3  4  5  6  7  8  9 10 11 12 13 14 15 |
---------------+----------------------------------------------+-----
Axes           | 4 5 6 7 8 10 12 13 15 17 18 19 | 19.1
Fighting       | 4 5 6 7 9 10 12 13 15 17 18 20 | 20.1
Armour         | 3 4 5 6 8 10 | 10.4
Shields        | 5 9 11 | 11.3
Dodging        | 3 7 10 | 10.8
Stealth        | 6 |  6.1
Evocations     | 4 |  4.7

Action                     |  1- 3 |  4- 6 |  7- 9 | 10-12 | 13-15 | 16-18 || total
---------------------------+-------+-------+-------+-------+-------+-------++-------
  Melee: Hand axe          |    92 |    15 |       |       |       |       ||   107
         Headbutt          |     9 |    27 |    32 |    84 |   143 |     2 ||   297
         War axe           |       |    69 |       |       |       |       ||    69
         Punch             |       |     1 |       |       |       |       ||     1
         Broad axe         |       |    62 |    78 |   436 |   686 |     3 ||  1265
         Executioner's axe |       |       |   112 |       |       |       ||   112
         Scimitar          |       |       |       |     8 |    37 |       ||    45
 Invoke: Berserk           |     1 |       |     3 |     1 |     4 |       ||     9
         Trog's Hand       |       |       |       |       |     4 |       ||     4
    Use: Scroll            |       |     3 |     5 |    13 |    16 |     1 ||    38
         Potion            |       |       |       |       |     1 |       ||     1
 Armour: Animal skin       |     9 |       |       |       |       |       ||     9
         Plate armour      |    39 |   106 |   137 |   247 |   286 |       ||   815
         Fire dragon scale |       |       |       |       |    13 |       ||    13
         Swamp dragon scal |       |       |       |       |     3 |    13 ||    16
  Dodge: Dodged            |    51 |    42 |    87 |   168 |   346 |    18 ||   712
  Block: Kite shield       |       |       |       |   350 |   534 |    14 ||   898
